 Seeded DCSS version 0.30.1-9-gdf580d7c3d (webtiles) character file.

Game seed: 7229806256980976716 (custom seed)

884 Psyclone the Magician (level 7, 43/43 HPs)
             Began as a Deep Elf Venom Mage on Oct 4, 2023.
             Quit the game in an ossuary.
             The game lasted 00:16:39 (4599 turns).

Psyclone the Magician (Deep Elf Venom Mage)         Turns: 4599, Time: 00:16:40

Health: 43/43      AC:  7    Str:  5    XL:     7   Next: 76%
Magic:  15/27      EV: 12    Int: 27    God:
Gold:   196        SH:  0    Dex: 15    Spells: 5/18 levels left

rFire   + + +        d - +3 Elemental Staff {rElec rF+ rC+ AC+3}
rCold   + . .        (no shield)
rNeg    + . .        a - +0 robe
rPois   +            e - +1 hat "Geale" {rF++ rN+ rCorr MP+9}
rElec   +            (no cloak)
rCorr   +            q - +0 pair of gloves
SInv    +            (no boots)
Will    .....        (no amulet)
Stlth   ++           f - ring of Gocsenn {Wiz Contam rPois Int+5 SInv}
HPRegen 0.27/turn    (no ring)
MPRegen 0.20/turn

%: clarity, wizardry (x1)
@: no status effects
A: horns 2, clarity, wild magic 1
a: no special abilities


You were in an ossuary.
You visited 1 branch of the dungeon, and saw 4 of its levels.
You also visited: Ossuary.

You collected 196 gold pieces.

Inventory:

Hand Weapons
 d - the +3 Elemental Staff (weapon) {rElec rF+ rC+ AC+3}
   (You acquired it on level 1 of the Dungeon)

   It enhances your fire, ice, earth and air magic.
   AC:        It affects your AC (+3).
   rF:        It protects you from fire.
   rC:        It protects you from cold.
   rElec:     It insulates you from electricity.
Missiles
 h - a throwing net {!f}
Armour
 a - a +0 robe (worn)
 e - the +1 hat "Geale" (worn) {rF++ rN+ rCorr MP+9}
   (You acquired it on level 1 of the Dungeon)

   rF:        It greatly protects you from fire.
   rN:        It protects you from negative energy.
   MP:        It affects your magic capacity (+9).
   rCorr:     It protects you from acid and corrosion.
 q - a +0 pair of gloves (worn)
Jewellery
 f - the ring of Gocsenn (left hand) {Wiz Contam rPois Int+5 SInv}
   (You acquired it on level 1 of the Dungeon)

   [ring of wizardry]

   It improves your spell success rate.
   Int:       It affects your intelligence (+5).
   rPois:     It protects you from poison.
   SInv:      It lets you see invisible.
   Contam:    It causes magical contamination when unequipped.
Scrolls
 c - 3 scrolls of amnesia {unknown}
 g - 6 scrolls of identify {unknown}
 i - 2 scrolls of blinking {unknown}
 k - a scroll of enchant armour {unknown}
 l - a scroll of teleportation {unknown}
 r - a scroll of poison {unknown}
 t - a scroll of brand weapon {unknown}
 y - 2 scrolls of silence {unknown}
 A - a scroll of butterflies {unknown}
 C - a scroll of fog {unknown}
 D - 2 scrolls of vulnerability {unknown}
Potions
 b - a potion of magic
 j - 2 potions of might {unknown}
 m - 4 potions of curing {unknown}
 n - a potion of invisibility {unknown}
 o - 2 potions of brilliance {unknown}
 p - a potion of mutation
 s - 2 potions of cancellation {unknown}
 u - 2 potions of attraction {unknown}
 v - a potion of lignification {unknown}
 w - a potion of heal wounds {unknown}
 x - 2 potions of flight {unknown}
 z - a potion of berserk rage {unknown}
 B - a potion of ambrosia {unknown}


   Skills:
 + Level 4.2 Fighting
 - Level 2.4 Dodging
 - Level 2.4 Stealth
 - Level 6.0 Spellcasting
 - Level 4.0 Necromancy
 - Level 1.1 Transmutations
 - Level 6.0 Poison Magic


You had 5 spell levels left.
You knew the following spells:

 Your Spells              Type           Power      Damage    Failure   Level
a - Poisonous Vapours     Pois/Air       94%        N/A       1%          2
b - Dispel Undead         Necr           38%        3d16      7%          4
v - Sting                 Tmut/Pois      100%       1d8       1%          1
x - Olgreb's Toxic Radia  Pois           51%        N/A       3%          4
y - Cigotuvi's Dreadful   Necr/Pois/Air  100%       N/A       1%          2

Your spell library contained the following spells:

 Spells                   Type           Power      Damage    Failure   Level
 Mephitic Cloud           Conj/Pois/Air  36%        N/A       5%          3
 Freezing Cloud           Conj/Ice/Air   11%        6-21      61%         5
 Death Channel            Necr           19%        N/A       63%         6


Dungeon Overview and Level Annotations

Branches:
Dungeon (4/15) Zot: 19906  Temple (0/1) D:4         Ossuary (1/1) Zot: 5473

Altars:
Elyvilon
Qazlal
Zin
The Shining One


Innate Abilities, Weirdness & Mutations

You have a pair of horns on your head.
You possess an exceptional clarity of mind.
Your spells are a little harder to cast, but a little more powerful.


Message History

Casting: Dispel Undead (quite dangerous; 7% risk of failure)
Confirm with . or Enter, or press ? or * to list all spells.
The spell is quite dangerous to miscast (7% risk of failure)!
Continue anyway?
Aiming: Dispel Undead (quite dangerous; 7% risk of failure)
Press: ? - help, Shift-Dir - straight line, f - bog mummy
Aim: a bog mummy (100% to hit)
The bog mummy is dispelled!!
You destroy the bog mummy!
Your Fighting skill increases to level 4!
Health restored: 43 You now have 16/27 mp.
You open the door.
A bullfrog zombie comes into view.
You barely miss the bullfrog zombie. The bullfrog zombie closely misses you.
The bullfrog zombie hits you but does no damage.
Casting: Dispel Undead (quite dangerous; 7% risk of failure)
Confirm with . or Enter, or press ? or * to list all spells.
The spell is quite dangerous to miscast (7% risk of failure)!
Continue anyway? [Y]es or [N]o only, please.
The spell is quite dangerous to miscast (7% risk of failure)!
Continue anyway?
Aiming: Dispel Undead (quite dangerous; 7% risk of failure)
Press: ? - help, Shift-Dir - straight line, f - bullfrog zombie
Aim: a bullfrog zombie (100% to hit)
The bullfrog zombie is dispelled!!
The bullfrog zombie barely misses you.
You now have 14/27 mp.
Casting: Dispel Undead (quite dangerous; 7% risk of failure)
Confirm with . or Enter, or press ? or * to list all spells.
The spell is quite dangerous to miscast (7% risk of failure)!
Continue anyway?
Aiming: Dispel Undead (quite dangerous; 7% risk of failure)
Press: ? - help, Shift-Dir - straight line, f/p - bullfrog zombie
Aim: a bullfrog zombie (severely damaged, 100% to hit)
The bullfrog zombie is dispelled!!
You destroy the bullfrog zombie!
You now have 10/27 mp.
You start resting.
A bog mummy comes into view.
You regained 5 mp, and now have 15/27 mp.
A bog mummy is nearby!
Unknown command.
Are you sure you want to abandon this character and quit the game? (Confirm with "yes".)

#∩..#.'.#
#####.###
#.'.'.#
#####.###
#...#.'.#
#...'.###
#...#.'.#
##M#####.###
.......@.'.#
'#'#'#'#'###
#.#.# #####


You could see a bog mummy (wandering).

Vanquished Creatures
  The ghost of kaesle the Conjurer, an amateur HuCj (D:3)
  2 wyvern zombies
  A scorpion (D:4)
  A water moccasin zombie (Ossuary)
  2 centaur zombies (Ossuary)
  A bullfrog zombie (Ossuary)
  A jelly (D:2)
  2 bullfrog skeletons (D:3)
  A sleepcap (D:4)
  3 killer bee zombies (Ossuary)
  7 mummies
  2 howler monkey zombies (Ossuary)
  A howler monkey skeleton (D:3)
  7 adders
  An ufetubus (D:3)
  3 worms
  5 ball pythons
  5 bats
  4 endoplasms
  6 giant cockroaches
  4 goblins
  8 hobgoblins
  20 jackals
  A kobold (D:4)
  4 quokkas
  A frilled lizard (D:1)
  A goblin zombie (D:4)
  An orc zombie (D:4)
  4 rats
100 creatures vanquished.

Notes
Turn   | Place    | Note
-------+----------+-------------------------------------------
     0 | D:1      | Psyclone the Deep Elf Venom Mage began the quest for the
                  | Orb.
     0 | D:1      | Reached XP level 1. HP: 10/10 MP: 6/6
    60 | D:1      | Identified 3 scrolls of acquirement
    60 | D:1      | Acquired the +3 Elemental Staff {rElec rF+ rC+ AC+3}
    60 | D:1      | Found the +3 Elemental Staff {rElec rF+ rC+ AC+3}
   539 | D:1      | Acquired the +1 hat "Geale" {rF++ rN+ rCorr MP+9}
   558 | D:1      | Acquired the ring of Gocsenn {Wiz Contam rPois Int+5 SInv}
   727 | D:1      | Gained mutation: You have hidden genetic potential. [potion
                  | of mutation]
   727 | D:1      | Gained mutation: You have great hidden genetic potential.
                  | [potion of mutation]
   827 | D:1      | Reached skill level 1 in Necromancy
   979 | D:1      | Reached XP level 2. HP: 15/15 MP: 8/8
  1020 | D:1      | Learned a level 2 spell: Poisonous Vapours
  1658 | D:2      | Reached XP level 3. HP: 10/19 MP: 9/9
  1670 | D:2      | Gained mutation: Your spells are a little harder to cast,
                  | but a little more powerful. [hidden potential]
  2236 | D:2      | Reached XP level 4. HP: 14/24 MP: 12/12
  2251 | D:2      | Gained mutation: You have a pair of small horns on your
                  | head. [hidden potential]
  2251 | D:2      | Lost mutation: You have great hidden genetic potential.
                  | [hidden potential expressed]
  2435 | D:2      | Reached skill level 5 in Spellcasting
  2764 | D:3      | Learned a level 4 spell: Dispel Undead
  2767 | D:3      | Learned a level 2 spell: Cigotuvi's Dreadful Rot
  2829 | D:3      | Learned a level 4 spell: Olgreb's Toxic Radiance
  2835 | D:3      | Found a runed translucent gate.
  2835 | D:3      | Found a runed translucent gate.
  2835 | D:3      | Found a runed translucent gate.
  2902 | D:3      | Reached XP level 5. HP: 28/28 MP: 14/14
  2959 | D:3      | Found a glowing silver altar of Zin.
  3342 | D:3      | Noticed kaesle's ghost (amateur HuCj)
  3376 | D:3      | Gained mutation: You possess an exceptional clarity of
                  | mind. [hidden potential]
  3379 | D:3      | Reached XP level 6. HP: 31/32 MP: 17/17
  3454 | D:3      | Killed kaesle's ghost
  3455 | D:3      | Reached skill level 5 in Poison Magic
  3459 | D:3      | Gained mutation: You have a pair of horns on your head.
                  | [hidden potential]
  3459 | D:3      | Lost mutation: You have hidden genetic potential. [hidden
                  | potential expressed]
  3622 | D:4      | Found a white marble altar of Elyvilon.
  3668 | D:4      | Found a glowing golden altar of the Shining One.
  3858 | D:4      | Found a staircase to the Ecumenical Temple.
  3882 | D:4      | Found a stormy altar of Qazlal.
  3974 | D:4      | Reached skill level 1 in Fighting
  3997 | D:4      | Found a sand-covered staircase.
  4074 | Ossuary  | Entered an ossuary
  4100 | Ossuary  | Reached XP level 7. HP: 38/38 MP: 18/18
  4599 | Ossuary  | Quit the game

Illustrated notes

Levels and vault maps discovered:
D:1:      spicycebolla_arrival_ecumenical, layout_loops_ring
D:2:      layout_basic
D:3:      layout_rooms, mainiacjoe_overflow_paths, gammafunk_ghost_necromancy
D:4:      layout_rooms, tso_metal_star, mainiacjoe_overflow_catwalk,
          elyvilon_altar_5, minmay_temple_entry_stoned_glass,
          nicolae_ossuary_entry_giza, minmay_misc_feat_square, minivault_4
Ossuary:  ossuary_zaba_flooded

Skill      XL: |  1  2  3  4  5  6  7 |
---------------+----------------------+-----
Necromancy     | 2 3 4 |  4.0
Spellcasting   | 4 5 6 |  6.0
Poison Magic   | 4 6 |  6.0
Fighting       | 1 4 |  4.2
Dodging        | |  2.4
Stealth        | |  2.4
Transmutations | |  1.1

Action                     |  1- 3 |  4- 6 |  7- 9 || total
---------------------------+-------+-------+-------++-------
  Melee: Staff             |    49 |    50 |    10 ||   109
         Headbutt          |       |     7 |     1 ||     8
         Punch             |       |     1 |       ||     1
   Cast: Sting             |    15 |     8 |       ||    23
         Poisonous Vapours |    34 |    38 |       ||    72
         Olgreb's Toxic Ra |       |     2 |       ||     2
         Dispel Undead     |       |    11 |    21 ||    32
    Use: Scroll            |     3 |       |       ||     3
         Potion            |     1 |       |       ||     1
   Stab: Sleeping          |     2 |     1 |       ||     3
 Armour: Robe              |    31 |    24 |     8 ||    63
  Dodge: Dodged            |    77 |    50 |    25 ||   152
